Map: Eternal Empire LE

Players

Smerch

  • Race: Protoss Protoss
  • League: Gold
  • Spawn Location: 7:00

Nee - Winner!

  • Race: Protoss Protoss
  • League: Gold
  • Spawn Location: 1:00

VOD

Have the link to the VOD?

Description

Time

  • Played on: Sept. 23, 2020, 11:06 a.m.
  • Length: 8:15
Show
View Real Time Build Order
Export as new Build Order

Smerch Protoss 

Build Orders: Phoenix Opening 

Get SALT Encoding   

  12  0:02  Probe  
  13  0:23  Pylon  
  13  0:27  Probe  
  14  0:48  Probe  
  15  0:54  Gateway  
  15  0:59  Assimilator  
  15  1:00  Probe  
  16  1:11  Assimilator  
  16  1:12  Probe  
  17  1:24  Probe  
  18  1:36  Probe  
  21  1:47  Zealot  
  21  1:48  Probe  
  21  1:52  Cybernetics Core  
  22  1:57  Pylon  
  22  2:01  Probe  
  23  2:23  Probe  
  23  2:29  Stalker  
  26  2:35  Probe  
  27  2:42  Stargate  
  27  2:51  Nexus  
  27  2:56  Pylon  
  27  3:03  Probe  
  28  3:09  Stalker  
  30  3:15  Probe  
  31  3:36  Phoenix  
  33  3:58  Void Ray  
  33  4:03  Forge  
  37  4:10  Robotics Facility  
  37  4:18  Pylon  
  37  4:22  Stalker  
  39  4:26  Probe  
  40  4:32  Assimilator  
  40  4:36  Assimilator  
  40  4:38  Probe  
  41  4:50  Stargate, Probe  
  42  4:53  Void Ray  
  46  5:02  Probe  
  47  5:13  Probe  
  48  5:15  Probe  
  49  5:25  Probe  
  49  5:27  Probe  
  52  5:28  Observer  
  52  5:32  Stalker, Void Ray  
  54  5:37  Probe  
  59  5:44  Probe  
  60  6:04  Protoss Air Weapons Level 1  
  60  6:10  Pylon  
  60  6:13  Pylon  
  60  6:16  Probe  
  61  6:28  Probe  
  61  6:30  Pylon, Void Ray x2  
  62  6:32  Pylon  
  70  6:40  Probe  
  71  6:52  Probe  
  72  7:04  Probe  
  73  7:18  Void Ray x2  
Show
View Real Time Build Order
Export as new Build Order

Nee Protoss - Winner!

Build Orders: Zealot Archon 

Get SALT Encoding   

  12  0:00  Probe  
  13  0:12  Probe  
  14  0:17  Pylon  
  14  0:25  Probe (Chrono Boost)  
  15  0:37  Probe (Chrono Boost)  
  15  0:40  Gateway  
  16  0:45  Probe (Chrono Boost)  
  16  0:46  Assimilator  
  17  0:51  Probe  
  17  0:55  Assimilator  
  18  1:03  Probe (Chrono Boost)  
  19  1:14  Gateway, Probe (Chrono Boost)  
  20  1:19  Probe (Chrono Boost)  
  21  1:29  Probe, Cybernetics Core  
  22  1:37  Pylon  
  22  1:41  Probe  
  23  1:55  Probe  
  24  2:05  Stalker, Sentry  
  24  2:06  Warp Gate  
  24  2:08  Pylon  
  28  2:29  Shield Battery  
  28  2:37  Stalker  
  28  2:38  Sentry  
  28  2:41  Shield Battery  
  32  2:55  Nexus  
  32  3:09  Stalker  
  32  3:11  Sentry  
  36  3:13  Probe  
  37  3:20  Robotics Facility  
  37  3:25  Probe (Chrono Boost)  
  39  3:35  Probe (Chrono Boost)  
  39  3:47  Pylon  
  39  3:48  Pylon  
  39  3:55  Shield Battery  
  39  4:06  Probe (Chrono Boost)  
  39  4:09  Probe (Chrono Boost)  
  41  4:15  Immortal  
  46  4:17  Probe (Chrono Boost)  
  46  4:19  Probe (Chrono Boost)  
  46  4:22  Probe (Chrono Boost)  
  46  4:24  Probe (Chrono Boost)  
  48  4:28  Twilight Council  
  49  4:32  Probe  
  49  4:36  Probe  
  51  4:39  Stalker  
  51  4:41  Sentry  
  51  4:44  Probe  
  56  4:48  Probe  
  57  4:56  Assimilator  
  57  4:57  Assimilator  
  57  4:58  Probe (Chrono Boost)  
  58  5:00  Probe (Chrono Boost)  
  63  5:07  Immortal  
  63  5:10  Probe (Chrono Boost), Charge  
  63  5:12  Probe (Chrono Boost)  
  65  5:15  Probe (Chrono Boost)  
  66  5:25  Probe  
  66  5:26  Probe  
  68  5:32  Pylon  
  68  5:36  Templar Archives  
  68  5:49  Observer  
  69  5:53  Gateway  
  69  5:55  Gateway  
  69  5:57  Gateway  
  69  6:00  Gateway x2  
  69  6:08  Gateway  
  69  6:10  Warp Prism  
  71  6:13  Pylon  
  71  6:14  High Templar x2  
  75  6:25  Pylon  
  75  6:26  Pylon  
  75  6:27  Pylon  
  75  6:37  Pylon, Observer  
  75  6:39  Archon  
  75  6:40  Pylon  
  75  6:43  Warp Prism (Chrono Boost)  
  77  7:05  High Templar x3  
  77  7:06  High Templar  
  77  7:07  Zealot x4  
  92  7:10  Archon x2  
  92  7:28  Stalker x4  
  100  7:33  Zealot x2  
  100  7:34  Zealot x2  
  104  7:54  Zealot x7  
Tags
 
Composition
Zealot Archon
League
GoldGold
Matchup
PvP
Spawn Locations
Cross Positions
Add a new tag
Caveats
  • Supply blocks, unpowered buildings, or Contaminate may cause inaccurate times.
  • Supply counts are checked every 10 seconds.